[Event "Titled Tuesday Blitz March 01 Late 2022"]
[White "Jaskolka, Tomasz"]
[Black "Janturin, Artur"]
[WhiteFideId "1170791"]
[BlackFideId "4130022"]
[WhiteElo "2054"]
[BlackElo "2355"]
[Result "1-0"]
[Round "11"]
[TimeControl "180+1"]
[Date "2022.03.02"]
[WhiteClock "0:00:05"]
[BlackClock "0:00:01"]

1. d4 e6 2. Bf4 c5 3. e3 d5 4. c3 Nc6 5. Nd2 Bd6 6. Bg3 Nf6 7. Ngf3 b6 8. Bd3 Bb7 9. Ne5 O-O 10. f4 Ne7 11. Bh4 Ng6 12. Bxf6 gxf6 13. Ng4 cxd4 14. cxd4 f5 15. Ne5 f6 16. Nxg6 hxg6 17. g4 Kf7 18. Qf3 Rh8 19. O-O-O Qc8+ 20. Kb1 Ba6 21. Bc2 Qc6 22. gxf5 gxf5 23. Rc1 Qb5 24. Rcg1 Qe2 25. Qxe2 Bxe2 26. Rg2 Bb5 27. h4 Rh5 28. Bd1 Bd3+ 29. Ka1 Rh6 30. h5 Bb4 31. Bf3 Rah8 32. a3 Bxd2 33. Rxd2 Be4 34. Bxe4 fxe4 35. Rc2 Rxh5 36. Rc7+ Kg6 37. Rg1+ Kf5 38. Rxa7 Rh1 39. Rg7 Rxg1+ 40. Rxg1 Rh3 41. Re1 Kg4 42. b4 Kf3 43. a4 Kf2 44. Rb1 Rxe3 45. Ka2 Rd3 46. a5 bxa5 47. b5 e3 48. b6 e2 49. b7 Rd2+ 50. Ka3 Rd3+ 51. Ka2 Rd2+ 52. Ka1 Rd1 53. b8=Q Rxb1+ 54. Kxb1 e1=Q+ 55. Kc2 Qe4+ 56. Kc3 Qe3+ 57. Kc2 Qe2+ 58. Kc3 Qc4+ 59. Kd2 Qxd4+ 60. Kc2 Qc4+ 61. Kd1 Qd3+ 62. Kc1 Qd4 63. Qh8 Qxf4+ 64. Kb1 Qf5+ 65. Ka2 Ke3 66. Qh6+ Qg5 67. Qh3+ Kd4 68. Qxe6 Qe5 69. Qb6+ Ke4 70. Qxa5 d4 71. Qe1+ Kd5 72. Qh1+ Ke6 73. Qh3+ Qf5 74. Qh8 Ke5 75. Ka1 Qf1+ 76. Ka2 Qe2+ 77. Ka1 Qe1+ 78. Ka2 Qf2+ 79. Ka1 Qf1+ 80. Ka2 Qe2+ 81. Ka1 d3 82. Qe8+ Kf5 83. Qd7+ Kg5 84. Qg7+ Kf5 85. Qh7+ Ke6 86. Qg8+ 1-0


[Site "https://www.chess.com"]

[Event "Titled Tuesday Blitz March 01 Late 2022"]
[White "Jobava, Baadur"]
[Black "Maksimovic, Bojan"]
[WhiteFideId "13601520"]
[BlackFideId "14408120"]
[WhiteElo "2617"]
[BlackElo "2450"]
[Result "0-1"]
[Round "11"]
[TimeControl "180+1"]
[Date "2022.03.01"]
[WhiteClock "0:00:15"]
[BlackClock "0:00:05"]

1. d4 Nf6 2. Nc3 d5 3. Bf4 c5 4. e3 cxd4 5. exd4 Bg4 6. f3 Bd7 7. Bd3 Nc6 8. Nge2 Qb6 9. Na4 Qa5+ 10. c3 e6 11. O-O Nh5 12. Be3 Bd6 13. Nc5 Qc7 14. g3 O-O 15. Kg2 g6 16. Qd2 Rae8 17. Nxd7 Qxd7 18. g4 Ng7 19. f4 f6 20. h3 e5 21. fxe5 fxe5 22. Bc2 exd4 23. Nxd4 Ne5 24. Rxf8+ Rxf8 25. Qe2 Nc4 26. Bh6 Re8 27. Qf3 Bf8 28. Rf1 Ne6 29. Bc1 Nxd4 30. cxd4 Qe6 31. Rf2 Nd6 32. Bb3 Ne4 33. Re2 Kg7 34. Qf4 Bd6 35. Qh6+ Kg8 36. Qe3 Kg7 37. a3 Bc7 38. Qh6+ Kh8 39. Bg5 Qd6 40. Bf4 Qxf4 41. Qxf4 Bxf4 42. Bxd5 Nf6 43. Rxe8+ Nxe8 44. Bxb7 Nd6 45. Ba6 Bc1 46. b3 Bxa3 47. Kf3 Kg7 48. Ke3 Kf6 49. Kd3 Bb2 50. Ke3 Kg5 0-1


[Site "https://www.chess.com"]

[Event "Titled Tuesday Blitz March 01 Late 2022"]
[White "Kamsky, Gata"]
[Black "Kaasen, Tor Fredrik"]
[WhiteFideId "2000024"]
[BlackFideId "1516647"]
[WhiteElo "2645"]
[BlackElo "2335"]
[Result "1-0"]
[Round "11"]
[TimeControl "180+1"]
[Date "2022.03.01"]
[WhiteClock "0:00:21"]
[BlackClock "0:00:08"]

1. e4 c6 2. d4 d5 3. exd5 cxd5 4. Bd3 Nf6 5. c3 Bg4 6. Qb3 Qc7 7. Ne2 Bxe2 8. Bxe2 e6 9. Nd2 Bd6 10. Nf3 O-O 11. O-O Nc6 12. Bd3 Rab8 13. a4 Bf4 14. Bxf4 Qxf4 15. Rfe1 Qc7 16. g3 a6 17. Qc2 Rfc8 18. Qe2 h6 19. Nd2 Na5 20. b4 Nc4 21. Bxc4 dxc4 22. a5 Qc6 23. Ne4 Nxe4 24. Qxe4 Qxe4 25. Rxe4 Rd8 26. f4 Rd5 27. Kg2 Kf8 28. Rae1 Rbd8 29. g4 g6 30. Re5 Ke7 31. Kf3 Kf6 32. h4 R8d7 33. Rh1 Rxe5 34. fxe5+ Ke7 35. Ke4 Rd8 36. Rb1 Rd5 37. Rf1 Kf8 38. Rf6 Kg7 39. h5 g5 40. Ke3 Rb5 41. Rf2 Rd5 42. Rf1 Kf8 43. Kd2 Kg7 44. Kc2 Kf8 45. Kb2 Kg7 46. Ka3 Kf8 47. Rb1 Rb5 48. Kb2 Kg7 49. Kc2 Rd5 50. b5 axb5 51. Rd1 Kf8 52. Kb2 Rd8 53. Ka3 b6 54. axb6 Rb8 55. Kb4 Rxb6 56. Ra1 Rb8 57. Ra5 Kg7 58. Rxb5 Ra8 59. Kxc4 Ra2 60. d5 exd5+ 61. Kxd5 Rg2 62. Rb4 Rd2+ 63. Ke4 Re2+ 64. Kd4 Rg2 65. Kd3 f6 66. exf6+ Kxf6 67. Re4 Rg3+ 68. Kd4 Rg1 69. c4 Rd1+ 70. Kc5 Rf1 71. Kd6 Rf4 72. Kd5 Rf3 73. c5 Rd3+ 74. Kc4 Rd1 75. c6 1-0


[Site "https://www.chess.com"]

[Event "Titled Tuesday Blitz March 01 Late 2022"]
[White "Kanyamarala, Trisha"]
[Black "Mirzoev, Azer"]
[WhiteFideId "45004722"]
[BlackFideId "13400304"]
[WhiteElo "2002"]
[BlackElo "2525"]
[Result "1-0"]
[Round "11"]
[TimeControl "180+1"]
[Date "2022.03.01"]
[WhiteClock "0:00:04"]
[BlackClock "0:00:01"]

1. d4 Nf6 2. c4 e6 3. Nc3 c5 4. d5 exd5 5. cxd5 d6 6. e4 a6 7. a4 g6 8. h3 Bg7 9. Nf3 O-O 10. Be3 Re8 11. Nd2 Nbd7 12. Be2 Qe7 13. O-O Qf8 14. f4 Nxe4 15. Ncxe4 f5 16. Ng5 Rxe3 17. Ne6 Qe7 18. Nc4 Re4 19. Bd3 Nf6 20. Bxe4 Nxe4 21. Nxg7 Kxg7 22. Re1 Qf6 23. Qd3 Bd7 24. Nd2 Re8 25. Rab1 b5 26. b3 h5 27. axb5 axb5 28. Ra1 Re7 29. Ra7 Qd4+ 30. Qxd4+ cxd4 31. Nf3 d3 32. Rd1 Kf6 33. Rxd3 Nc5 34. Rc3 b4 35. Rc1 Nxb3 36. Rcc7 Nc5 37. Nd4 Re4 38. Nc6 b3 39. Rab7 Rxf4 40. Rxd7 Nxd7 41. Rxd7 Rc4 42. Rb7 Rc3 43. Nd4 Rd3 44. Nxb3 Rxd5 45. Rb6 h4 46. Kf2 g5 47. Nc1 Ke5 48. Ne2 g4 49. hxg4 fxg4 50. Rb8 g3+ 51. Ke3 Ra5 52. Re8+ Kf5 53. Nd4+ Kg4 54. Rg8+ Kh5 55. Kf4 Ra4 56. Ke4 1-0


[Site "https://www.chess.com"]

[Event "Titled Tuesday Blitz March 01 Late 2022"]
[White "Khabinets, Ivan"]
[Black "Rangel, Daniel"]
[WhiteFideId "14115980"]
[BlackFideId "2124475"]
[WhiteElo "2114"]
[BlackElo "2187"]
[Result "1/2-1/2"]
[Round "11"]
[TimeControl "180+1"]
[Date "2022.03.02"]
[WhiteClock "0:00:06"]
[BlackClock "0:00:09"]

1. Nf3 Nf6 2. g3 g6 3. Bg2 Bg7 4. O-O O-O 5. c4 d6 6. d4 c6 7. Nc3 Bf5 8. Nh4 Be6 9. b3 d5 10. c5 Qc8 11. Re1 Bh3 12. Bh1 Nbd7 13. Nf3 Bg4 14. Bf4 Re8 15. Ne5 Nxe5 16. Bxe5 Nd7 17. Bxg7 Kxg7 18. Qd2 e5 19. e3 e4 20. b4 Nf6 21. a4 h5 22. h4 Bf3 23. Ne2 Bxh1 24. Kxh1 Qh3+ 25. Kg1 Ng4 26. Nf4 Qh2+ 27. Kf1 Qh1+ 28. Ke2 Qf3+ 29. Kf1 Rh8 30. Kg1 f6 31. Qe2 g5 32. Qxf3 exf3 33. hxg5 fxg5 34. Nh3 Kg6 35. e4 Rad8 36. Ra3 Rhf8 37. e5 Nh6 38. b5 Rde8 39. bxc6 bxc6 40. Rb1 Nf5 41. Rb4 Rb8 42. Rab3 Rxb4 43. Rxb4 a5 44. Rb6 Nxd4 45. Kf1 Kf5 46. Ke1 Re8 47. Kd2 Rxe5 48. Kd3 Ne6 49. Rxc6 g4 50. Nf4 Nxf4+ 51. gxf4 Kxf4 52. Rf6+ Rf5 53. Rg6 h4 54. c6 g3 55. fxg3+ hxg3 56. c7 Rf8 57. Rf6+ Rxf6 58. c8=Q f2 59. Qb8+ Kg4 60. Qg8+ Kf5 61. Qxd5+ Kg6 62. Qg8+ Kh6 63. Qh8+ Kg6 64. Qg8+ Kh6 65. Qh8+ Kg5 66. Qg7+ Kf5 67. Qh7+ Ke6 68. Qg8+ Ke7 69. Qg7+ Rf7 70. Qe5+ Kd8 71. Qb8+ Ke7 72. Qe5+ Kf8 73. Qh8+ Ke7 74. Qe5+ 1/2-1/2


[Site "https://www.chess.com"]

[Event "Titled Tuesday Blitz March 01 Late 2022"]
[White "Kim, Sergey"]
[Black "Kostiukov, Alexandr"]
[WhiteFideId "13700570"]
[BlackFideId "14108100"]
[WhiteElo "2575"]
[BlackElo "2202"]
[Result "1-0"]
[Round "11"]
[TimeControl "180+1"]
[Date "2022.03.02"]
[WhiteClock "0:00:35"]
[BlackClock "0:00:25"]

1. d4 g6 2. c4 Bg7 3. Nc3 d6 4. e4 e5 5. Nge2 exd4 6. Nxd4 Nc6 7. Be3 Nge7 8. Be2 O-O 9. Nc2 f5 10. O-O f4 11. Bd2 Be6 12. Rb1 Ne5 13. Nd4 Bxc4 14. Bxc4+ Nxc4 15. Ne6 Qd7 16. Nxf8 Rxf8 17. Qb3 d5 18. Nxd5 b5 19. Nxf4 Kh8 20. Be3 c6 21. Rbd1 Qc8 22. a4 a6 23. axb5 axb5 24. Qb4 Rf7 25. b3 Nxe3 26. fxe3 Be5 27. Nxg6+ hxg6 28. Rxf7 Qg4 29. Rd8+ Ng8 30. Rxg8+ Kxg8 31. Qf8# 1-0


[Site "https://www.chess.com"]

[Event "Titled Tuesday Blitz March 01 Late 2022"]
[White "Kollars, Dmitrij"]
[Black "Boyer, Mahel"]
[WhiteFideId "12909572"]
[BlackFideId "45102422"]
[WhiteElo "2584"]
[BlackElo "2328"]
[Result "1/2-1/2"]
[Round "11"]
[TimeControl "180+1"]
[Date "2022.03.01"]
[WhiteClock "0:00:04"]
[BlackClock "0:00:06"]

1. d4 d5 2. c4 c6 3. Nf3 Nf6 4. e3 Bg4 5. h3 Bxf3 6. Qxf3 e6 7. Nc3 Nbd7 8. Bd3 Bb4 9. O-O O-O 10. Bd2 Re8 11. Rfd1 e5 12. cxd5 Bxc3 13. dxc6 bxc6 14. bxc3 e4 15. Qe2 exd3 16. Qxd3 Ne4 17. Be1 Ndf6 18. f3 Ng5 19. e4 Ne6 20. c4 Nf4 21. Qe3 N6h5 22. Kh2 Qg5 23. g4 f5 24. Bf2 fxe4 25. fxe4 Nf6 26. e5 h5 27. Bg3 Nxh3 28. Qxg5 Nxg5 29. exf6 Re2+ 30. Kh1 Ne4 31. Be1 hxg4 32. d5 gxf6 33. dxc6 Kf7 34. c7 Rc8 35. Rd7+ Ke6 36. Rh7 Ng5 37. Rh6 Rxc7 38. Bh4 Nf3 39. Bxf6 Rxc4 40. Rf1 Kf5 41. Be7 Rcc2 42. Bd6 Ke4 43. Rh7 Kd5 44. Bb8 a5 45. Rh5+ Kc4 46. a4 Kb3 47. Rb1+ Kxa4 48. Bd6 Re1+ 49. Rxe1 Nxe1 50. Rg5 Rc4 51. Be7 Nf3 52. Rh5 Rc2 53. Bd8 Kb3 54. Bxa5 g3 55. Rb5+ Ka4 56. Rb4+ Kxa5 57. Ra4+ Kb5 58. Ra5+ Kc4 59. Rc5+ Kd4 60. Rxc2 Nh4 61. Re2 Kd3 62. Re8 Nf3 63. Kg2 Nd4 64. Kxg3 Ne2+ 65. Kf3 Nd4+ 66. Kf4 Ne2+ 67. Ke5 Nc3 68. Rd8+ Ke3 69. Ra8 Kd3 70. Rh8 Kc4 71. Rh3 Nb5 72. Rh1 Nc3 73. Rc1 Kd3 74. Ra1 Nb5 75. Ra5 Nc3 76. Kf4 Kd4 77. Ra8 Nd5+ 78. Kf3 Ke5 79. Ra5 Kd4 80. Ra4+ Kd3 81. Rh4 Nc3 82. Rh7 Kd4 83. Rd7+ Nd5 84. Rd8 Ke5 85. Rc8 Kd4 86. Rc1 Nc3 87. Rd1+ Nxd1 1/2-1/2


[Site "https://www.chess.com"]

[Event "Titled Tuesday Blitz March 01 Late 2022"]
[White "Kopczynski, Michal"]
[Black "Beerdsen, Thomas"]
[WhiteFideId "1124200"]
[BlackFideId "1030108"]
[WhiteElo "2235"]
[BlackElo "2585"]
[Result "0-1"]
[Round "11"]
[TimeControl "180+1"]
[Date "2022.03.01"]
[WhiteClock "0:00:34"]
[BlackClock "0:01:45"]

1. e4 e5 2. Nf3 Nc6 3. Bb5 f5 4. d3 fxe4 5. dxe4 Nf6 6. Nc3 Bb4 7. Qd3 Bxc3+ 8. bxc3 d6 9. h3 O-O 10. Bg5 Kh8 11. O-O-O a6 12. Bc4 Qe8 13. g4 Nd7 14. Qe2 b5 15. Bd5 Nb6 16. Bb3 Be6 17. Be3 Nc4 18. Ng5 Bg8 19. h4 a5 20. a4 Nxe3 21. Qxe3 Bxb3 22. cxb3 bxa4 23. bxa4 Rb8 24. Kc2 h6 25. Nh3 Qe6 26. Rd5 Ne7 27. c4 c6 28. Rd3 Qxc4+ 29. Rc3 Qa2+ 30. Kd3 Rb4 31. Qc1 Rf3+ 0-1


[Site "https://www.chess.com"]

[Event "Titled Tuesday Blitz March 01 Late 2022"]
[White "Kosakowski, Jakub"]
[Black "Shuvalova, Polina"]
[WhiteFideId "1185080"]
[BlackFideId "24171760"]
[WhiteElo "2476"]
[BlackElo "2355"]
[Result "0-1"]
[Round "11"]
[TimeControl "180+1"]
[Date "2022.03.01"]
[WhiteClock "0:00:06"]
[BlackClock "0:00:05"]

1. d4 Nf6 2. c4 e6 3. g3 d5 4. Nf3 Bb4+ 5. Nbd2 O-O 6. Bg2 dxc4 7. Qc2 a5 8. a3 Bxd2+ 9. Bxd2 b5 10. a4 c6 11. e4 Nbd7 12. e5 Nd5 13. Ng5 g6 14. h4 Nb4 15. Bxb4 axb4 16. Bxc6 Rxa4 17. Rxa4 bxa4 18. Qxc4 a3 19. bxa3 bxa3 20. O-O Qa5 21. Ne4 Ba6 22. Qc1 Bxf1 23. Bxd7 Bd3 24. Nf6+ Kg7 25. Ng4 Kh8 26. Nf6 a2 27. Qh6 Qe1+ 28. Kh2 Qxf2+ 29. Kh3 Bf1+ 30. Kg4 Qf5# 0-1


[Site "https://www.chess.com"]

[Event "Titled Tuesday Blitz March 01 Late 2022"]
[White "Leenhouts, Koen"]
[Black "Vifleemskaia, Svetlana"]
[WhiteFideId "1008439"]
[BlackFideId "4129490"]
[WhiteElo "2409"]
[BlackElo "1901"]
[Result "1/2-1/2"]
[Round "11"]
[TimeControl "180+1"]
[Date "2022.03.02"]
[WhiteClock "0:00:36"]
[BlackClock "0:01:24"]

1. e4 e5 2. Nf3 Nc6 3. Bc4 Nf6 4. O-O Nxe4 5. d4 d5 6. Bb5 Bd7 7. dxe5 Bg4 8. h3 Bxf3 9. Qxf3 Be7 10. Bf4 O-O 11. Rd1 Bc5 12. Bxc6 Bxf2+ 13. Kf1 bxc6 14. Qxe4 dxe4 15. Rxd8 Rfxd8 16. Kxf2 Rd1 17. Ke2 Rad8 18. Bd2 Rg1 19. Kf2 Rd1 20. Ke2 Rg1 21. Kf2 Rd1 22. Ke2 1/2-1/2


[Site "https://www.chess.com"]

[Event "Titled Tuesday Blitz March 01 Late 2022"]
[White "Levine, David"]
[Black "Winkels, Marcel"]
[WhiteFideId "2011611"]
[BlackFideId "1003887"]
[WhiteElo "2127"]
[BlackElo "1900"]
[Result "1-0"]
[Round "11"]
[TimeControl "180+1"]
[Date "2022.03.02"]
[WhiteClock "0:00:08"]
[BlackClock "0:00:01"]

1. d4 Nf6 2. c4 c5 3. d5 d6 4. Nc3 g6 5. g3 Bg7 6. Bg2 O-O 7. Nf3 e6 8. O-O exd5 9. cxd5 Re8 10. Nd2 Nbd7 11. Re1 a6 12. a4 Rb8 13. a5 b5 14. axb6 Rxb6 15. Nc4 Rb4 16. Nxd6 Re7 17. Qc2 Nb6 18. Nxc8 Qxc8 19. Bf4 Nc4 20. Ra2 Rd7 21. e4 Nh5 22. Bc1 a5 23. Bh3 f5 24. exf5 Rf7 25. g4 Nf6 26. fxg6 hxg6 27. Qe2 Nd6 28. Qe6 Qc7 29. g5 Nh5 30. Ne4 Nf4 31. Bxf4 Rb6 32. Bxd6 Qd8 33. Nf6+ Bxf6 34. Qe8+ Qxe8 35. Rxe8+ Kh7 36. gxf6 Rxd6 37. Re6 1-0


[Site "https://www.chess.com"]

[Event "Titled Tuesday Blitz March 01 Late 2022"]
[White "Lopez Perdomo, Juan David"]
[Black "Karttunen, Mika"]
[WhiteFideId "4405137"]
[BlackFideId "502081"]
[WhiteElo "1997"]
[BlackElo "2343"]
[Result "0-1"]
[Round "11"]
[TimeControl "180+1"]
[Date "2022.03.01"]
[WhiteClock "0:00:02"]
[BlackClock "0:00:10"]

1. e4 c5 2. d4 cxd4 3. c3 Nf6 4. e5 Nd5 5. Nf3 d6 6. exd6 Qxd6 7. cxd4 Nc6 8. Be2 Bg4 9. O-O e6 10. Nc3 Be7 11. Re1 O-O 12. Ne5 Bxe2 13. Rxe2 Nf6 14. Nxc6 bxc6 15. Qa4 Rfd8 16. Be3 Rd7 17. Rc1 Rb8 18. h3 Rb4 19. Qa6 Rb6 20. Qa4 Qb8 21. Qc2 Nd5 22. Na4 Ra6 23. b3 h6 24. Qe4 Qb5 25. Rec2 Ba3 26. Rd1 Qb8 27. Bc1 Bf8 28. Bb2 Nb4 29. Rc4 Nxa2 30. Qe1 Nb4 31. Nc5 Bxc5 32. dxc5 Rxd1 33. Qxd1 Nd5 34. Qd4 Qf8 35. g3 Ra5 36. b4 Rb5 37. Qd2 Rb7 38. Rg4 f6 39. Qxh6 e5 40. Qd2 Qc8 41. Rc4 Qb8 42. Kg2 Rxb4 43. Rxb4 Qxb4 44. Qe2 Qxc5 45. Qh5 Qe7 46. g4 a5 47. h4 a4 48. g5 fxg5 49. hxg5 a3 50. g6 Nf6 0-1


[Site "https://www.chess.com"]

[Event "Titled Tuesday Blitz March 01 Late 2022"]
[White "Maltsevskaya, Aleksandra"]
[Black "Mickiewicz, Piotr"]
[WhiteFideId "24174041"]
[BlackFideId "1114891"]
[WhiteElo "2283"]
[BlackElo "2266"]
[Result "1-0"]
[Round "11"]
[TimeControl "180+1"]
[Date "2022.03.01"]
[WhiteClock "0:00:52"]
[BlackClock "0:00:11"]

1. Nf3 Nf6 2. g3 g6 3. Bg2 Bg7 4. O-O O-O 5. d4 d6 6. c4 Nc6 7. Nc3 Bg4 8. b3 e5 9. dxe5 Nd7 10. Bb2 dxe5 11. h3 Bf5 12. e4 Be6 13. Qe2 Nd4 14. Nxd4 exd4 15. Nb5 d3 16. Qd2 Ne5 17. f4 Nc6 18. Bxg7 Kxg7 19. Rad1 a6 20. Nc3 Qd4+ 21. Kh2 Rad8 22. Nd5 Bxd5 23. exd5 Ne7 24. Qxd3 Qxd3 25. Rxd3 b6 26. Re1 Nf5 27. g4 Nd6 28. Rde3 Rfe8 29. Kg3 Rxe3+ 30. Rxe3 Kf8 31. Kf2 a5 32. Bf3 h6 33. Re5 a4 34. Ke3 axb3 35. axb3 Ra8 36. Kd4 Ra3 37. Bd1 Ra2 38. Re2 Ra1 39. Rd2 Rc1 40. Rd3 g5 41. fxg5 hxg5 42. Ke3 f6 43. Kd2 Ra1 44. Kc3 Ne4+ 45. Kb2 Ra8 46. Re3 Nc5 47. b4 Nd7 48. Bb3 Ne5 49. c5 bxc5 50. bxc5 Rb8 51. Kc3 Ke7 52. Ba4 Rb1 53. Bc2 Rc1 54. Re4 Rf1 55. Rd4 Rf3+ 56. Kb2 Rxh3 57. d6+ cxd6 58. cxd6+ Kd8 59. Bf5 Rh2+ 60. Kc1 Rh1+ 61. Kc2 Rh2+ 62. Kd1 Rh1+ 63. Ke2 Rh2+ 64. Kf1 Rc2 65. Ra4 Rc1+ 66. Ke2 Rc2+ 67. Kd1 Rc7 68. Ra8+ 1-0


[Site "https://www.chess.com"]

[Event "Titled Tuesday Blitz March 01 Late 2022"]
[White "Martin Barcelo, Carles"]
[Black "Tomiello, Mateus Costamilan"]
[WhiteFideId "24561444"]
[BlackFideId "22701958"]
[WhiteElo "1875"]
[BlackElo "1975"]
[Result "0-1"]
[Round "11"]
[TimeControl "180+1"]
[Date "2022.03.02"]
[WhiteClock "0:00:01"]
[BlackClock "0:00:57"]

1. e4 e5 2. Nf3 Nc6 3. Bb5 Nf6 4. O-O Nxe4 5. Re1 Nd6 6. Nxe5 Be7 7. Bf1 Nxe5 8. Rxe5 O-O 9. Nc3 Re8 10. Nd5 Bf8 11. d4 c6 12. Nc3 g6 13. Bg5 Qb6 14. Na4 Qc7 15. Bf4 Rxe5 16. dxe5 Nf5 17. Nc3 d5 18. exd6 Bxd6 19. Bxd6 Nxd6 20. Qf3 Be6 21. Rd1 Nf5 22. Ne4 Qe5 23. Nc3 Nd4 24. Qd3 c5 25. Ne2 Bf5 26. Qc4 b5 27. Qc3 Nxe2+ 28. Bxe2 Qxe2 29. Re1 Qc4 30. Qf6 Qxc2 31. h4 h5 32. Re7 Rf8 33. Rxa7 c4 34. Rc7 b4 35. Qc6 Be6 36. Re7 Qb1+ 37. Kh2 Qxb2 38. Qf3 Qe5+ 39. Kg1 Qd6 40. Ra7 c3 41. Qf6 Qc5 42. Re7 c2 43. Rxe6 c1=Q+ 44. Kh2 Qc7+ 45. g3 Qb7 0-1


[Site "https://www.chess.com"]

[Event "Titled Tuesday Blitz March 01 Late 2022"]
[White "Martinez Alcantara, Jose Eduardo"]
[Black "Sadhwani, Raunak"]
[WhiteFideId "3805662"]
[BlackFideId "35093487"]
[WhiteElo "2690"]
[BlackElo "2616"]
[Result "1/2-1/2"]
[Round "11"]
[TimeControl "180+1"]
[Date "2022.03.01"]
[WhiteClock "0:00:05"]
[BlackClock "0:00:04"]

1. e4 e5 2. Nf3 Nc6 3. Bb5 Nge7 4. O-O Ng6 5. d4 exd4 6. Nxd4 Bc5 7. Nb3 Bb6 8. c4 d6 9. c5 dxc5 10. Bxc6+ bxc6 11. Qc2 O-O 12. Na3 Qh4 13. Nc4 a5 14. Be3 Re8 15. Nbd2 a4 16. f4 Ba6 17. Rae1 Bb5 18. g3 Qh3 19. Rf2 Rad8 20. b3 axb3 21. axb3 Qd7 22. f5 Ne5 23. Nxe5 Rxe5 24. Nc4 Bxc4 25. bxc4 Ba5 26. Ra1 Bb4 27. Bf4 Ree8 28. e5 Qd4 29. Rf1 Qc3 30. f6 g6 31. Kg2 Rd4 32. Qxc3 Bxc3 33. Rc2 Rd3 34. Rf3 Rxf3 35. Kxf3 Bd4 36. Ra2 h6 37. h4 g5 38. hxg5 hxg5 39. Bxg5 Rxe5 40. Ra8+ Kh7 41. Bf4 Rf5 42. Rc8 Rxf6 43. Kg4 Rg6+ 44. Kf3 Rf6 45. Kg4 Re6 46. Rxc7 Kg6 47. Rc8 f5+ 48. Kf3 Kf7 49. Rc7+ Kf6 50. Rh7 Kg6 51. Rh6+ Kf7 52. Rh5 Rf6 53. Rh7+ Kg6 54. Rc7 Re6 55. Rc8 Bf6 56. Be3 Re4 57. Rxc6 Rxc4 58. Rxc5 Re4 59. Rc6 Ra4 60. Bc1 Kf7 61. Kg2 Be5 62. Rc5 Ke6 63. Rc6+ Kd5 64. Rc2 Rg4 65. Rd2+ Ke6 66. Rd3 f4 67. Kh3 Rxg3+ 68. Rxg3 fxg3 69. Be3 Kf5 70. Kg2 Kg4 71. Bf2 Bf4 72. Bxg3 1/2-1/2


[Site "https://www.chess.com"]

[Event "Titled Tuesday Blitz March 01 Late 2022"]
[White "Maze, Sebastien"]
[Black "Ibarra Jerez, Jose Carlos"]
[WhiteFideId "613762"]
[BlackFideId "2226332"]
[WhiteElo "2462"]
[BlackElo "2626"]
[Result "1-0"]
[Round "11"]
[TimeControl "180+1"]
[Date "2022.03.01"]
[WhiteClock "0:00:12"]
[BlackClock "0:00:01"]

1. e4 c5 2. Nf3 e6 3. c4 Nc6 4. Nc3 Nf6 5. Be2 Qc7 6. O-O a6 7. d4 cxd4 8. Nxd4 Bd6 9. h3 Nxd4 10. Qxd4 Bc5 11. Qd3 d6 12. Na4 Ba7 13. Bf4 e5 14. Bg5 Nd7 15. Rfd1 Bd4 16. Be3 Nc5 17. Qa3 Bxe3 18. fxe3 Nxe4 19. Bf3 Nc5 20. Nc3 O-O 21. b4 Nd7 22. Nb5 axb5 23. Qxa8 bxc4 24. Qa5 b6 25. Qd5 Qa7 26. Qxc4 b5 27. Qb3 Qb8 28. Qd3 Qa7 29. Qxd6 Qxe3+ 30. Kh1 Nf6 31. Re1 Qf2 32. Qxe5 Be6 33. Qe3 Qh4 34. a3 h5 35. Kg1 Qg3 36. Qf2 Qg5 37. Kh1 Qf4 38. Rad1 Bc4 39. Rd4 Qg5 40. Qe3 Qg3 41. Red1 Re8 42. Qf4 Qf2 43. R4d2 Qb6 44. Kh2 Qa7 45. Rd8 Rxd8 46. Rxd8+ Kh7 47. Qf5+ g6 48. Qxf6 Qc7+ 49. Rd6 1-0


[Site "https://www.chess.com"]

[Event "Titled Tuesday Blitz March 01 Late 2022"]
[White "Medeiros Jr, Francisco De Assis"]
[Black "Migot, Tangi"]
[WhiteFideId "2114267"]
[BlackFideId "662445"]
[WhiteElo "1998"]
[BlackElo "2498"]
[Result "0-1"]
[Round "11"]
[TimeControl "180+1"]
[Date "2022.03.02"]
[WhiteClock "0:00:03"]
[BlackClock "0:00:06"]

1. d4 d5 2. Nf3 Nf6 3. Bg5 Ne4 4. Bf4 c5 5. c3 Nc6 6. e3 Bf5 7. Nbd2 e6 8. Qb3 Qb6 9. h3 h6 10. Be2 c4 11. Qxb6 axb6 12. a3 b5 13. Rc1 g5 14. Be5 Nxe5 15. Nxe5 f6 16. Bh5+ Ke7 17. Ng6+ Bxg6 18. Bxg6 Nxd2 19. Kxd2 f5 20. g4 Kf6 21. gxf5 h5 22. f4 exf5 23. Bxf5 Kxf5 24. fxg5 Kxg5 25. Rhg1+ Kh6 26. Rcf1 Be7 27. Rf5 Rad8 28. Re5 Bf6 29. Re6 Rhf8 30. Rf1 Kg7 31. Rb6 Rd7 32. Rxb5 Bg5 33. Rg1 Kh6 34. a4 Rf2+ 35. Ke1 Rf6 36. e4 Bh4+ 37. Kd1 dxe4 38. Re5 e3 39. Rg8 Kh7 40. Rge8 Bf2 41. Rxh5+ Rh6 42. Rhe5 Rxh3 43. Ke2 Rh1 44. R5e7+ Rxe7 45. Rxe7+ Kg6 46. Re8 Re1+ 47. Kf3 Rb1 48. b4 cxb3 49. c4 b2 0-1


[Site "https://www.chess.com"]

[Event "Titled Tuesday Blitz March 01 Late 2022"]
[White "Miszler, Levente"]
[Black "Peatman, Carter"]
[WhiteFideId "763276"]
[BlackFideId "2096480"]
[WhiteElo "1966"]
[BlackElo "2281"]
[Result "0-1"]
[Round "11"]
[TimeControl "180+1"]
[Date "2022.03.02"]
[WhiteClock "0:00:38"]
[BlackClock "0:00:31"]

1. d4 d5 2. c4 dxc4 3. e3 e5 4. Nf3 Bb4+ 5. Bd2 Bxd2+ 6. Nbxd2 exd4 7. Nxd4 Nf6 8. Bxc4 a6 9. O-O O-O 10. Qc2 c5 11. N4f3 b5 12. Be2 Nbd7 13. Rfd1 Qe7 14. Ng5 h6 15. Nge4 Bb7 16. Nxf6+ Nxf6 17. Bf3 c4 18. b3 cxb3 19. axb3 Rfd8 20. Bxb7 Qxb7 21. Nf3 Rac8 22. Qf5 Ne4 23. Ne5 Nc3 24. Rxd8+ Rxd8 25. h3 a5 26. Rxa5 f6 27. Qe6+ Kh7 28. Qf5+ Kg8 29. Qe6+ Kh7 30. Nc6 Rd1+ 31. Kh2 Qc7+ 32. g3 Rd6 33. Qf5+ g6 34. Qxb5 Nxb5 0-1


[Site "https://www.chess.com"]

[Event "Titled Tuesday Blitz March 01 Late 2022"]
[White "Mogranzini, Roberto"]
[Black "Urazayev, Arystanbek"]
[WhiteFideId "810894"]
[BlackFideId "13709810"]
[WhiteElo "2469"]
[BlackElo "2321"]
[Result "0-1"]
[Round "11"]
[TimeControl "180+1"]
[Date "2022.03.01"]
[WhiteClock "0:00:09"]
[BlackClock "0:00:28"]

1. e4 c5 2. Nf3 d6 3. Nc3 Nc6 4. g3 g6 5. Bg2 Bg7 6. O-O Nf6 7. d4 cxd4 8. Nxd4 Bd7 9. Nb3 O-O 10. Re1 Rc8 11. Nd5 Ne5 12. c3 Nc4 13. Nd2 b5 14. Nxc4 Rxc4 15. Bg5 Nxd5 16. exd5 f6 17. Be3 a5 18. Bd4 f5 19. Bxg7 Kxg7 20. Bf1 Rc7 21. Qd4+ Kg8 22. Re2 Rc4 23. Qd2 Re4 24. Rae1 Rxe2 25. Qxe2 Rf7 26. Qe3 Qb8 27. Qd4 b4 28. c4 Qc7 29. b3 Qc5 30. Qf4 Kg7 31. h4 h6 32. Bd3 Qa7 33. Re3 a4 34. Kg2 axb3 35. axb3 Qa1 36. Re2 Qc3 37. Bc2 Qf6 38. Qd2 g5 39. hxg5 hxg5 40. f4 gxf4 41. Qxf4 Kf8 42. Rf2 e5 43. dxe6 Bc6+ 44. Kg1 Qxe6 45. Bxf5 Qf6 46. g4 Kg7 47. Rh2 Qa1+ 48. Kf2 Qb2+ 49. Kg1 Qa1+ 50. Kf2 Qb2+ 51. Kg3 Qxb3+ 52. Kh4 Qc3 53. Qxd6 Qe1+ 54. Qg3 Qe7+ 55. Kh3 Rf6 56. Qh4 Rh6 57. Qxh6+ Kxh6 58. Kg3+ Kg5 59. Rh5+ Kf6 60. Rh6+ Ke5 61. Re6+ Qxe6 62. Bxe6 Kxe6 63. Kf4 b3 64. Ke3 b2 0-1


[Site "https://www.chess.com"]

[Event "Titled Tuesday Blitz March 01 Late 2022"]
[White "Moral Garcia, Serafin"]
[Black "Dronavalli, Harika"]
[WhiteFideId "2201925"]
[BlackFideId "5015197"]
[WhiteElo "2228"]
[BlackElo "2382"]
[Result "0-1"]
[Round "11"]
[TimeControl "180+1"]
[Date "2022.03.01"]
[WhiteClock "0:01:20"]
[BlackClock "0:00:55"]

1. e4 c5 2. Nf3 e6 3. c3 Nf6 4. e5 Nd5 5. Bc4 Nb6 6. Bb3 c4 7. Bc2 d6 8. exd6 Bxd6 9. b3 Qc7 10. Qe2 Bd7 11. O-O a5 12. d4 cxd3 13. Bxd3 a4 14. b4 Nc6 15. a3 Ne5 16. Nxe5 Bxe5 17. Bb2 Bxh2+ 18. Kh1 Be5 19. c4 Bxb2 20. Qxb2 O-O 21. Nd2 Qf4 22. Rae1 Rfd8 23. Re4 Qh6+ 24. Kg1 Bc6 25. Re3 Qf6 26. Qxf6 gxf6 27. c5 Nd5 28. Rg3+ Kh8 29. Nc4 Nf4 30. Bb1 Ne2+ 0-1


[Site "https://www.chess.com"]